[ AOE2 MATCH · #468537740 ]
UnrankedKhitans vs Romans
[ REPLAY ANALYSIS · EXTRACTED FROM THE RECORDED GAME ]
Feudal
—
Castle
—
Imperial
—
| APM avg | 29.8 |
| APM peak | 154 |
| eAPM avg | 28.6 |
| Villagers / military | 98 / 67 |
Focus
⚔️ 6.1% · 🌾 93.9%
Spearman ×42 · Unknown (1920) ×41 · Cavalry Archer ×20 · Battering Ram ×5
Feudal
11:30
Castle
16:54
Imperial
30:56
| APM avg | 24.5 |
| APM peak | 65 |
| eAPM avg | 18.0 |
| Villagers / military | 134 / 153 |
Focus
⚔️ 29.1% · 🌾 70.9%
Militia ×101 · Berserk ×20 · Spearman ×14 · Scout Cavalry ×6 · Trebuchet (Packed) ×5 · Archer ×3
Feudal
10:08
Castle
15:12
Imperial
31:16
| APM avg | 29.2 |
| APM peak | 132 |
| eAPM avg | 16.9 |
| Villagers / military | 154 / 314 |
Focus
⚔️ 27.3% · 🌾 72.7%
Militia ×216 · Centurion ×96 · Knight ×2
Feudal
10:30
Castle
14:24
Imperial
27:39
| APM avg | 35.9 |
| APM peak | 82 |
| eAPM avg | 17.6 |
| Villagers / military | 145 / 189 |
Focus
⚔️ 33.6% · 🌾 66.4%
Spearman ×115 · Skirmisher ×49 · Bombard Cannon ×21 · Monk ×3 · Trebuchet (Packed) ×1
Feudal
11:02
Castle
17:03
Imperial
30:22
| APM avg | 29.5 |
| APM peak | 75 |
| eAPM avg | 16.4 |
| Villagers / military | 134 / 183 |
Focus
⚔️ 22.6% · 🌾 77.4%
Scout Cavalry ×121 · Skirmisher ×50 · Bombard Cannon ×8 · Hand Cannoneer ×3 · Monk ×1
Feudal
12:24
Castle
16:34
Imperial
41:05
| APM avg | 25.4 |
| APM peak | 84 |
| eAPM avg | 17.2 |
| Villagers / military | 158 / 86 |
Focus
⚔️ 28.4% · 🌾 71.6%
Ballista Elephant ×48 · Spearman ×38
Feudal
—
Castle
—
Imperial
—
| APM avg | 26.1 |
| APM peak | 60 |
| eAPM avg | 16.6 |
| Villagers / military | 139 / 181 |
Focus
⚔️ 40.7% · 🌾 59.3%
Knight ×145 · Scorpion ×28 · Bombard Cannon ×7 · Throwing Axeman ×1
Feudal
—
Castle
—
Imperial
—
| APM avg | 32.8 |
| APM peak | 92 |
| eAPM avg | 17.9 |
| Villagers / military | 94 / 111 |
Focus
⚔️ 26.5% · 🌾 73.5%
Hand Cannoneer ×76 · Bombard Cannon ×25 · Spearman ×5 · Hussite Wagon ×3 · Monk ×2
Match map
Initial resources + every placement click. Lines = walls · curves = elevation contours. ◆ gold · ⬟ stone · ● berries · ✦ relic · ◌ wall gap
Your base· ✓ Closed at 16:46 · 0t walls · 3 gate(s)
SongForBob's base· ✓ Closed at 16:54 · 17t walls · 4 gate(s)
ExDictador Nicolas Maduro's base· ✓ Closed at 15:12 · 0t walls · 3 gate(s)
Xavi-10-'s base· Open — unwalled flank
Harold Baron's base· ✓ Closed at 17:03 · 0t walls · 3 gate(s)
acp961's base· ✓ Closed at 16:34 · 0t walls · 2 gate(s)
ApexDominion211's base· ✓ Closed at 15:47 · 0t walls · 2 gate(s)
Leonidas926525's base· ✓ Closed at 12:00 · 0t walls · 2 gate(s)
Smoothed initial terrain · ◌ = detected wall gap · hover for details
Inputs per minute
— rubeolay - - SongForBob
Build order — rubeolay
First 150 of 289 actions detected
| 0:16 | Build | House |
| 0:19 | Build | House |
| 0:21 | Build | House |
| 0:23 | Build | House |
| 0:26 | Create | Villager (Male) ×4 |
| 2:02 | Create | Villager (Male) |
| 2:46 | Create | Villager (Male) |
| 2:47 | Create | Villager (Male) |
| 3:28 | Create | Villager (Male) |
| 3:41 | Create | Villager (Male) |
| 4:10 | Create | Villager (Male) |
| 4:23 | Create | Villager (Male) |
| 4:50 | Create | Villager (Male) |
| 5:09 | Build | Mill |
| 5:14 | Create | Villager (Male) |
| 5:14 | Create | Villager (Male) |
| 5:30 | Create | Villager (Male) |
| 6:19 | Create | Villager (Male) |
| 7:28 | Create | Villager (Male) |
| 7:28 | Create | Villager (Male) |
| 7:28 | Create | Villager (Male) |
| 7:29 | Create | Villager (Male) |
| 8:07 | Create | Villager (Male) |
| 9:25 | Build | Mining Camp |
| 9:38 | Build | Lumber Camp |
| 10:05 | Research | Feudal Age |
| 10:31 | Build | House |
| 11:29 | Build | House |
| 11:40 | Create | Villager (Male) ×4 |
| 12:43 | Build | Blacksmith |
| 12:53 | Build | Market |
| 14:25 | Build | Pasture |
| 14:25 | Build | Pasture |
| 14:25 | Build | Pasture |
| 14:25 | Build | Pasture |
| 14:25 | Build | Pasture |
| 14:25 | Build | Pasture |
| 14:25 | Build | Pasture |
| 14:25 | Build | Pasture |
| 14:33 | Build | Pasture |
| 14:33 | Build | Pasture |
| 14:33 | Build | Pasture |
| 14:33 | Build | Pasture |
| 14:33 | Build | Pasture |
| 14:33 | Build | Pasture |
| 14:33 | Build | Pasture |
| 14:33 | Build | Pasture |
| 14:38 | Build | Pasture |
| 14:38 | Build | Pasture |
| 14:38 | Build | Pasture |
| 14:38 | Build | Pasture |
| 14:38 | Build | Pasture |
| 14:38 | Build | Pasture |
| 14:38 | Build | Pasture |
| 14:41 | Build | Pasture |
| 14:41 | Build | Pasture |
| 14:41 | Build | Pasture |
| 14:41 | Build | Pasture |
| 14:41 | Build | Pasture |
| 14:41 | Build | Pasture |
| 14:41 | Build | Pasture |
| 14:41 | Build | Pasture |
| 14:41 | Build | Pasture |
| 14:41 | Build | Pasture |
| 14:41 | Build | Pasture |
| 14:41 | Build | Pasture |
| 14:41 | Build | Pasture |
| 14:47 | Build | Pasture |
| 14:47 | Build | Pasture |
| 14:47 | Build | Pasture |
| 14:47 | Build | Pasture |
| 14:47 | Build | Pasture |
| 14:47 | Build | Pasture |
| 14:47 | Build | Pasture |
| 14:47 | Build | Pasture |
| 14:47 | Build | Pasture |
| 14:47 | Build | Pasture |
| 14:47 | Build | Pasture |
| 14:47 | Build | Pasture |
| 14:47 | Build | Pasture |
| 14:47 | Build | Pasture |
| 15:56 | Create | Villager (Male) |
| 15:56 | Create | Villager (Male) |
| 16:46 | Research | Castle Age |
| 17:02 | Build | Barracks |
| 17:22 | Research | Double-Bit Axe |
| 18:04 | Research | Tech 1014 |
| 18:49 | Create | Villager (Male) ×5 |
| 19:44 | Build | Town Center |
| 20:04 | Build | Pasture |
| 20:04 | Build | Pasture |
| 20:04 | Build | Pasture |
| 20:04 | Build | Pasture |
| 20:04 | Build | Pasture |
| 20:04 | Build | Pasture |
| 20:04 | Build | Pasture |
| 20:04 | Build | Pasture |
| 20:04 | Build | Pasture |
| 20:04 | Build | Pasture |
| 20:04 | Build | Pasture |
| 21:06 | Build | Pasture |
| 21:22 | Build | Town Center |
| 21:31 | Build | University |
| 21:55 | Build | Stable |
| 22:00 | Build | Archery Range |
| 22:05 | Research | Bow Saw |
| 22:11 | Research | Wheelbarrow |
| 22:15 | Create | Villager (Male) ×5 |
| 22:32 | Research | Gold Mining |
| 22:52 | Create | Villager (Male) ×5 |
| 23:06 | Build | Pasture |
| 23:38 | Research | Tech 1013 |
| 23:52 | Build | Lumber Camp |
| 24:28 | Research | Town Watch |
| 24:32 | Research | Hand Cart |
| 24:44 | Create | Villager (Male) |
| 24:44 | Create | Villager (Male) |
| 24:44 | Create | Villager (Male) |
| 25:00 | Build | Pasture |
| 25:00 | Build | Pasture |
| 25:00 | Build | Pasture |
| 25:00 | Build | Pasture |
| 25:00 | Build | Pasture |
| 25:00 | Build | Pasture |
| 25:00 | Build | Pasture |
| 25:00 | Build | Pasture |
| 25:12 | Build | Pasture |
| 25:12 | Build | Pasture |
| 25:26 | Build | House |
| 25:29 | Build | House |
| 25:29 | Build | House |
| 25:43 | Research | Husbandry |
| 26:24 | Build | Pasture |
| 26:28 | Build | House |
| 26:32 | Build | House |
| 26:33 | Build | House |
| 26:37 | Build | House |
| 26:39 | Build | House |
| 26:44 | Build | House |
| 27:17 | Create | Villager (Male) ×5 |
| 27:17 | Create | Villager (Male) ×5 |
| 27:17 | Create | Villager (Male) ×5 |
| 27:51 | Build | Pasture |
| 28:41 | Build | Pasture |
| 28:41 | Build | Pasture |
| 28:55 | Create | Spearman |
| 28:56 | Create | Spearman |
| 29:31 | Build | Siege Workshop |
| 29:37 | Build | Barracks |
| 29:48 | Research | Squires |
Build order — SongForBob
First 150 of 473 actions detected
| 0:03 | Create | Villager (Male) |
| 0:03 | Create | Villager (Male) |
| 0:03 | Create | Villager (Male) |
| 0:05 | Build | House |
| 0:06 | Build | House |
| 0:14 | Create | Villager (Male) |
| 0:14 | Create | Villager (Male) |
| 1:34 | Create | Villager (Male) |
| 1:35 | Create | Villager (Male) |
| 2:04 | Create | Villager (Male) |
| 2:28 | Create | Villager (Male) |
| 2:28 | Create | Villager (Male) |
| 2:36 | Build | Mill |
| 2:50 | Create | Villager (Male) |
| 2:50 | Create | Villager (Male) |
| 3:15 | Create | Villager (Male) |
| 3:15 | Create | Villager (Male) |
| 3:23 | Build | House |
| 3:25 | Build | House |
| 3:40 | Create | Villager (Male) |
| 4:09 | Create | Villager (Male) |
| 4:19 | Build | House |
| 4:21 | Build | House |
| 4:23 | Build | House |
| 4:32 | Create | Villager (Male) |
| 4:32 | Create | Villager (Male) |
| 4:55 | Create | Villager (Male) |
| 4:55 | Create | Villager (Male) |
| 5:12 | Build | Mill |
| 5:22 | Create | Villager (Male) |
| 5:23 | Create | Villager (Male) |
| 5:23 | Create | Villager (Male) |
| 5:54 | Create | Villager (Male) |
| 6:01 | Create | Villager (Male) |
| 6:28 | Build | Lumber Camp |
| 6:30 | Create | Villager (Male) |
| 6:38 | Create | Villager (Male) |
| 7:12 | Create | Villager (Male) |
| 7:13 | Create | Villager (Male) |
| 7:14 | Create | Villager (Male) |
| 7:14 | Research | Loom |
| 8:18 | Build | Farm |
| 8:28 | Build | Mining Camp |
| 9:20 | Research | Feudal Age |
| 9:24 | Build | Farm |
| 9:30 | Create | Villager (Male) |
| 9:30 | Create | Villager (Male) |
| 9:54 | Create | Villager (Male) |
| 9:54 | Create | Villager (Male) |
| 9:54 | Create | Villager (Male) |
| 10:34 | Build | Farm |
| 10:35 | Build | Farm |
| 10:40 | Build | Farm |
| 10:41 | Build | Farm |
| 11:30 | Age | Feudal Age |
| 11:35 | Build | Barracks |
| 12:32 | Build | Market |
| 12:55 | Create | Spearman |
| 13:11 | Build | Blacksmith |
| 13:56 | Build | Mining Camp |
| 14:14 | Research | Castle Age |
| 15:19 | Build | Stone Wall |
| 15:21 | Build | Gate |
| 15:46 | Build | Archery Range |
| 15:51 | Research | Double-Bit Axe |
| 15:51 | Research | Horse Collar |
| 15:54 | Create | Villager (Male) |
| 16:02 | Research | Padded Archer Armor |
| 16:26 | Create | Militia |
| 16:53 | Create | Villager (Male) |
| 16:54 | Age | Castle Age |
| 17:01 | Build | Town Center |
| 17:14 | Create | Militia |
| 17:20 | Create | Militia |
| 17:21 | Create | Militia |
| 17:45 | Build | Farm |
| 18:13 | Create | Villager (Male) |
| 18:13 | Create | Villager (Male) |
| 18:19 | Build | Farm |
| 18:30 | Build | Farm |
| 18:46 | Create | Villager (Male) |
| 18:47 | Create | Villager (Male) |
| 19:09 | Create | Villager (Male) |
| 19:11 | Build | Farm |
| 19:15 | Create | Villager (Male) |
| 19:34 | Build | Castle |
| 19:39 | Create | Villager (Male) |
| 19:41 | Build | Farm |
| 19:45 | Create | Villager (Male) |
| 20:04 | Build | Farm |
| 20:08 | Build | Farm |
| 20:18 | Create | Villager (Male) |
| 20:18 | Create | Villager (Male) |
| 20:18 | Create | Villager (Male) |
| 20:29 | Create | Villager (Male) |
| 20:41 | Build | Town Center |
| 20:44 | Create | Villager (Male) |
| 20:56 | Create | Villager (Male) |
| 20:59 | Build | Farm |
| 21:00 | Build | Farm |
| 21:00 | Build | Farm |
| 21:01 | Build | Farm |
| 21:01 | Build | Farm |
| 21:02 | Build | Farm |
| 21:02 | Build | Farm |
| 21:09 | Create | Villager (Male) |
| 21:12 | Build | Farm |
| 21:25 | Create | Villager (Male) |
| 21:50 | Create | Villager (Male) |
| 21:52 | Create | Villager (Male) |
| 22:08 | Create | Villager (Male) |
| 22:13 | Build | Town Center |
| 22:17 | Create | Villager (Male) |
| 22:20 | Build | Farm |
| 22:23 | Build | Farm |
| 22:23 | Build | Farm |
| 22:24 | Build | Farm |
| 22:24 | Build | Farm |
| 22:24 | Build | Farm |
| 22:25 | Build | Farm |
| 22:25 | Build | Farm |
| 22:25 | Build | Farm |
| 22:26 | Build | Farm |
| 22:26 | Build | Farm |
| 22:27 | Build | Farm |
| 22:32 | Build | Farm |
| 22:35 | Create | Villager (Male) |
| 22:39 | Create | Villager (Male) |
| 22:39 | Create | Villager (Male) |
| 22:46 | Build | Farm |
| 22:47 | Build | Farm |
| 22:52 | Build | Farm |
| 23:14 | Research | Bow Saw |
| 23:34 | Build | Farm |
| 23:35 | Build | Farm |
| 23:37 | Build | Farm |
| 23:45 | Create | Villager (Male) |
| 23:54 | Research | Heavy Plow |
| 23:56 | Create | Villager (Male) |
| 23:59 | Create | Villager (Male) |
| 24:06 | Create | Villager (Male) |
| 24:10 | Build | Farm |
| 24:21 | Build | Farm |
| 24:22 | Build | Farm |
| 24:23 | Build | Farm |
| 24:24 | Build | Farm |
| 24:27 | Create | Villager (Male) |
| 24:28 | Create | Villager (Male) |
| 24:37 | Create | Spearman |
| 24:49 | Research | Stone Mining |
Build order — ExDictador Nicolas Maduro
First 150 of 409 actions detected
| 0:03 | Create | Villager (Male) |
| 0:03 | Create | Villager (Male) |
| 0:03 | Create | Villager (Male) |
| 0:04 | Create | Villager (Male) |
| 0:06 | Build | House |
| 0:08 | Build | House |
| 0:35 | Research | Loom |
| 0:37 | Create | Villager (Male) |
| 1:42 | Create | Villager (Male) |
| 1:42 | Create | Villager (Male) |
| 2:00 | Build | Lumber Camp |
| 2:06 | Create | Villager (Male) |
| 2:11 | Create | Villager (Male) |
| 2:36 | Create | Villager (Male) |
| 2:36 | Create | Villager (Male) |
| 3:14 | Create | Villager (Male) |
| 3:14 | Create | Villager (Male) |
| 3:18 | Build | House |
| 3:20 | Build | House |
| 3:35 | Create | Villager (Male) |
| 3:48 | Create | Villager (Male) |
| 3:48 | Create | Villager (Male) |
| 4:21 | Build | Mill |
| 4:27 | Create | Villager (Male) |
| 4:28 | Create | Villager (Male) |
| 4:28 | Create | Villager (Male) |
| 5:03 | Create | Villager (Male) |
| 5:16 | Create | Villager (Male) |
| 5:31 | Create | Villager (Male) |
| 5:31 | Create | Villager (Male) |
| 5:51 | Create | Villager (Male) |
| 5:51 | Create | Villager (Male) |
| 6:05 | Create | Villager (Male) |
| 6:07 | Create | Villager (Male) |
| 6:24 | Create | Villager (Male) |
| 6:55 | Create | Villager (Male) |
| 6:55 | Create | Villager (Male) |
| 6:56 | Create | Villager (Male) |
| 7:38 | Build | Mining Camp |
| 7:45 | Research | Feudal Age |
| 7:52 | Build | Mill |
| 8:22 | Build | Farm |
| 8:26 | Build | Farm |
| 8:46 | Create | Villager (Male) |
| 8:46 | Create | Villager (Male) |
| 8:54 | Build | House |
| 10:08 | Age | Feudal Age |
| 10:10 | Create | Villager (Male) |
| 10:13 | Research | Double-Bit Axe |
| 10:52 | Build | Market |
| 11:17 | Create | Villager (Male) |
| 11:49 | Build | Blacksmith |
| 12:32 | Research | Castle Age |
| 12:38 | Build | Lumber Camp |
| 13:52 | Create | Villager (Male) |
| 13:52 | Create | Villager (Male) |
| 13:52 | Create | Villager (Male) |
| 13:53 | Create | Villager (Male) |
| 14:24 | Build | House |
| 14:26 | Build | House |
| 14:27 | Build | House |
| 14:30 | Build | House |
| 14:32 | Build | House |
| 15:12 | Age | Castle Age |
| 15:16 | Build | Town Center |
| 15:21 | Build | Farm |
| 15:22 | Build | Farm |
| 15:22 | Build | Farm |
| 15:23 | Build | Farm |
| 15:23 | Build | Farm |
| 15:26 | Build | Farm |
| 15:33 | Build | Town Center |
| 15:49 | Create | Villager (Male) |
| 15:49 | Create | Villager (Male) |
| 15:54 | Research | Loom |
| 16:02 | Research | Horse Collar |
| 16:17 | Create | Villager (Male) |
| 16:17 | Create | Villager (Male) |
| 16:33 | Build | Farm |
| 16:36 | Build | Farm |
| 16:40 | Create | Villager (Male) |
| 16:47 | Build | Farm |
| 16:48 | Create | Villager (Male) |
| 16:54 | Build | Farm |
| 17:13 | Build | Farm |
| 17:16 | Create | Villager (Male) |
| 17:28 | Build | Farm |
| 17:30 | Create | Villager (Male) |
| 17:34 | Build | Farm |
| 17:43 | Build | Farm |
| 17:47 | Create | Villager (Male) |
| 17:47 | Create | Villager (Male) |
| 17:54 | Build | Farm |
| 17:59 | Create | Villager (Male) |
| 18:08 | Create | Villager (Male) |
| 18:14 | Build | Farm |
| 18:16 | Create | Villager (Male) |
| 18:16 | Create | Villager (Male) |
| 18:21 | Build | Farm |
| 18:29 | Create | Villager (Male) |
| 18:37 | Build | Farm |
| 18:40 | Create | Villager (Male) |
| 18:43 | Create | Villager (Male) |
| 18:49 | Build | Lumber Camp |
| 18:56 | Build | House |
| 18:56 | Build | House |
| 18:58 | Build | House |
| 18:59 | Build | House |
| 19:00 | Build | House |
| 19:01 | Build | House |
| 19:03 | Build | House |
| 19:04 | Create | Villager (Male) |
| 19:05 | Create | Villager (Male) |
| 19:15 | Create | Villager (Male) |
| 19:38 | Research | Wheelbarrow |
| 19:43 | Build | Farm |
| 19:49 | Build | Farm |
| 19:53 | Build | Farm |
| 19:57 | Build | Farm |
| 20:03 | Build | Farm |
| 20:04 | Create | Villager (Male) |
| 20:04 | Create | Villager (Male) |
| 20:04 | Create | Villager (Male) |
| 20:16 | Build | Farm |
| 20:19 | Build | Farm |
| 20:23 | Build | Farm |
| 20:24 | Create | Villager (Male) |
| 20:24 | Create | Villager (Male) |
| 20:24 | Create | Villager (Male) |
| 20:36 | Build | Monastery |
| 20:45 | Create | Villager (Male) |
| 20:45 | Create | Villager (Male) |
| 20:49 | Create | Villager (Male) |
| 20:53 | Create | Villager (Male) |
| 21:15 | Build | Barracks |
| 21:17 | Create | Villager (Male) |
| 21:17 | Create | Villager (Male) |
| 21:21 | Create | Villager (Male) |
| 21:47 | Build | Town Center |
| 21:49 | Create | Villager (Male) |
| 21:49 | Create | Villager (Male) |
| 21:49 | Create | Villager (Male) |
| 21:49 | Create | Villager (Male) |
| 21:58 | Create | Villager (Male) |
| 22:03 | Create | Villager (Male) |
| 22:17 | Build | Stable |
| 22:18 | Create | Villager (Male) |
| 22:22 | Create | Villager (Male) |
| 22:25 | Create | Villager (Male) |
| 22:37 | Build | Farm |
Build order — Xavi-10-
First 150 of 395 actions detected
| 0:00 | Create | Villager (Male) |
| 0:00 | Create | Villager (Male) |
| 0:01 | Create | Villager (Male) |
| 0:01 | Create | Villager (Male) |
| 0:02 | Build | House |
| 0:03 | Build | House |
| 1:22 | Create | Villager (Male) |
| 1:22 | Create | Villager (Male) |
| 1:22 | Create | Villager (Male) |
| 1:40 | Create | Villager (Male) |
| 1:40 | Create | Villager (Male) |
| 2:25 | Create | Villager (Male) |
| 2:25 | Create | Villager (Male) |
| 2:35 | Create | Villager (Male) |
| 2:36 | Create | Villager (Male) |
| 3:03 | Create | Villager (Male) |
| 3:04 | Create | Villager (Male) |
| 3:22 | Create | Villager (Male) |
| 3:25 | Build | House |
| 3:26 | Build | House |
| 3:28 | Build | House |
| 3:54 | Create | Villager (Male) |
| 3:54 | Create | Villager (Male) |
| 3:54 | Create | Villager (Male) |
| 4:08 | Build | Lumber Camp |
| 4:21 | Create | Villager (Male) |
| 4:21 | Create | Villager (Male) |
| 4:53 | Create | Villager (Male) |
| 4:53 | Create | Villager (Male) |
| 4:53 | Create | Villager (Male) |
| 5:18 | Create | Villager (Male) |
| 5:18 | Create | Villager (Male) |
| 5:18 | Create | Villager (Male) |
| 5:41 | Create | Villager (Male) |
| 5:41 | Create | Villager (Male) |
| 5:56 | Create | Villager (Male) |
| 5:56 | Create | Villager (Male) |
| 6:16 | Build | Mill |
| 6:18 | Create | Villager (Male) |
| 6:19 | Create | Villager (Male) |
| 6:29 | Create | Villager (Male) |
| 7:00 | Build | Farm |
| 7:43 | Build | Farm |
| 8:13 | Research | Feudal Age |
| 8:35 | Build | Mining Camp |
| 10:17 | Create | Villager (Male) |
| 10:17 | Create | Villager (Male) |
| 10:30 | Age | Feudal Age |
| 10:34 | Build | Market |
| 10:36 | Build | Blacksmith |
| 10:51 | Build | House |
| 11:19 | Create | Villager (Male) |
| 11:42 | Research | Castle Age |
| 11:42 | Research | Castle Age |
| 12:09 | Research | Double-Bit Axe |
| 12:10 | Research | Double-Bit Axe |
| 12:30 | Research | Horse Collar |
| 12:30 | Research | Horse Collar |
| 12:34 | Build | Farm |
| 12:37 | Build | Farm |
| 14:00 | Build | House |
| 14:12 | Create | Villager (Male) |
| 14:24 | Age | Castle Age |
| 14:25 | Create | Villager (Male) |
| 14:28 | Build | Town Center |
| 14:36 | Build | Monastery |
| 14:45 | Build | Farm |
| 14:46 | Build | Farm |
| 14:47 | Build | Farm |
| 14:49 | Create | Villager (Male) |
| 15:08 | Create | Villager (Male) |
| 15:17 | Build | House |
| 15:19 | Build | House |
| 15:21 | Create | Villager (Male) |
| 15:22 | Create | Monk |
| 15:22 | Create | Monk |
| 15:37 | Build | House |
| 16:04 | Create | Villager (Male) |
| 16:09 | Create | Villager (Male) |
| 16:10 | Create | Villager (Male) |
| 16:17 | Build | Farm |
| 16:17 | Build | Farm |
| 16:17 | Build | Farm |
| 16:17 | Build | Farm |
| 16:22 | Create | Villager (Male) |
| 16:35 | Create | Villager (Male) |
| 16:39 | Build | House |
| 16:40 | Build | House |
| 16:43 | Build | Farm |
| 16:47 | Build | Farm |
| 16:49 | Build | Farm |
| 16:53 | Build | Farm |
| 16:53 | Create | Villager (Male) |
| 17:00 | Build | Farm |
| 17:13 | Build | Farm |
| 17:14 | Create | Villager (Male) |
| 17:26 | Create | Villager (Male) |
| 17:31 | Build | House |
| 17:46 | Create | Villager (Male) |
| 17:46 | Create | Villager (Male) |
| 17:51 | Create | Villager (Male) |
| 17:51 | Create | Villager (Male) |
| 17:59 | Create | Villager (Male) |
| 18:05 | Build | Farm |
| 18:06 | Build | Farm |
| 18:06 | Build | Farm |
| 18:12 | Create | Villager (Male) |
| 18:32 | Create | Villager (Male) |
| 18:49 | Create | Villager (Male) |
| 18:49 | Create | Villager (Male) |
| 18:58 | Build | House |
| 18:59 | Build | House |
| 19:05 | Build | Farm |
| 19:06 | Build | Farm |
| 19:07 | Build | Farm |
| 19:10 | Build | Mill |
| 19:12 | Create | Villager (Male) |
| 19:22 | Create | Villager (Male) |
| 19:22 | Create | Villager (Male) |
| 19:28 | Create | Villager (Male) |
| 19:30 | Build | Farm |
| 19:33 | Build | Farm |
| 19:34 | Create | Villager (Male) |
| 19:56 | Create | Villager (Male) |
| 20:01 | Build | House |
| 20:02 | Build | House |
| 20:03 | Build | House |
| 20:17 | Research | Fervor |
| 20:17 | Create | Villager (Male) |
| 20:17 | Create | Villager (Male) |
| 20:19 | Create | Villager (Male) |
| 20:21 | Build | Farm |
| 20:23 | Build | Farm |
| 20:25 | Research | Bow Saw |
| 20:31 | Research | Heavy Plow |
| 20:32 | Create | Villager (Male) |
| 20:41 | Create | Villager (Male) |
| 20:44 | Build | Farm |
| 20:52 | Create | Villager (Male) |
| 21:03 | Research | Wheelbarrow |
| 21:55 | Build | Town Center |
| 21:57 | Build | House |
| 21:58 | Build | House |
| 22:01 | Create | Villager (Male) |
| 22:02 | Create | Villager (Male) |
| 22:03 | Create | Villager (Male) |
| 22:22 | Create | Villager (Male) |
| 22:22 | Create | Villager (Male) |
| 22:33 | Create | Villager (Male) |
| 22:44 | Build | Barracks |
Build order — Harold Baron
First 150 of 380 actions detected
| 0:00 | Create | Villager (Male) |
| 0:01 | Create | Villager (Male) |
| 0:01 | Create | Villager (Male) |
| 0:03 | Build | House |
| 0:04 | Build | House |
| 0:14 | Create | Villager (Male) |
| 0:14 | Create | Villager (Male) |
| 1:30 | Create | Villager (Male) |
| 1:53 | Build | Lumber Camp |
| 2:05 | Create | Villager (Male) |
| 2:05 | Create | Villager (Male) |
| 2:22 | Create | Villager (Male) |
| 2:22 | Create | Villager (Male) |
| 2:55 | Create | Villager (Male) |
| 3:20 | Create | Villager (Male) |
| 3:38 | Create | Villager (Male) |
| 4:01 | Create | Villager (Male) |
| 4:22 | Build | House |
| 4:29 | Research | Loom |
| 4:57 | Create | Villager (Male) |
| 5:15 | Create | Villager (Male) |
| 5:30 | Build | Mill |
| 5:43 | Create | Villager (Male) |
| 6:13 | Create | Villager (Male) |
| 6:39 | Create | Villager (Male) |
| 6:43 | Build | House |
| 7:12 | Create | Villager (Male) |
| 7:37 | Create | Villager (Male) |
| 7:41 | Build | Mill |
| 8:02 | Create | Villager (Male) |
| 8:07 | Build | House |
| 8:26 | Create | Villager (Male) |
| 8:35 | Research | Feudal Age |
| 9:09 | Build | Farm |
| 9:54 | Build | Mining Camp |
| 10:38 | Create | Villager (Male) |
| 10:40 | Create | Villager (Male) |
| 11:02 | Age | Feudal Age |
| 11:10 | Create | Villager (Male) |
| 11:22 | Build | Market |
| 11:30 | Build | Blacksmith |
| 11:50 | Build | Farm |
| 11:55 | Build | Farm |
| 11:59 | Build | Farm |
| 12:05 | Build | House |
| 12:14 | Create | Villager (Male) |
| 12:25 | Build | Farm |
| 12:29 | Build | Farm |
| 12:39 | Create | Villager (Male) |
| 12:58 | Build | Farm |
| 13:04 | Create | Villager (Male) |
| 13:22 | Build | Farm |
| 13:31 | Create | Villager (Male) |
| 13:52 | Build | House |
| 13:56 | Create | Villager (Male) |
| 14:13 | Research | Castle Age |
| 14:29 | Build | Mining Camp |
| 15:04 | Research | Double-Bit Axe |
| 16:31 | Research | Horse Collar |
| 17:03 | Age | Castle Age |
| 17:04 | Research | Wheelbarrow |
| 17:08 | Build | Town Center |
| 17:11 | Create | Villager (Male) |
| 17:34 | Create | Villager (Male) |
| 17:40 | Build | House |
| 18:01 | Create | Villager (Male) |
| 18:01 | Create | Villager (Male) |
| 18:26 | Create | Villager (Male) |
| 18:27 | Create | Villager (Male) |
| 18:56 | Research | Hand Cart |
| 18:57 | Create | Villager (Male) |
| 19:01 | Create | Villager (Male) |
| 19:24 | Create | Villager (Male) |
| 19:42 | Create | Villager (Male) |
| 19:58 | Build | Siege Workshop |
| 20:02 | Create | Villager (Male) |
| 20:03 | Create | Villager (Male) |
| 20:03 | Create | Villager (Male) |
| 20:25 | Build | Castle |
| 20:35 | Create | Villager (Male) |
| 20:50 | Build | Farm |
| 20:55 | Build | Farm |
| 21:01 | Build | Farm |
| 21:04 | Build | Farm |
| 21:08 | Build | Farm |
| 21:13 | Create | Villager (Male) |
| 21:13 | Create | Villager (Male) |
| 21:15 | Create | Villager (Male) |
| 21:19 | Build | Farm |
| 21:27 | Create | Villager (Male) |
| 21:41 | Build | House |
| 21:47 | Build | House |
| 21:51 | Create | Villager (Male) |
| 22:02 | Build | Farm |
| 22:05 | Create | Villager (Male) |
| 22:13 | Research | Bow Saw |
| 22:22 | Research | Heavy Plow |
| 22:28 | Create | Villager (Male) |
| 22:38 | Create | Villager (Male) |
| 22:38 | Create | Villager (Male) |
| 22:46 | Build | Farm |
| 22:58 | Create | Villager (Male) |
| 22:59 | Create | Villager (Male) |
| 23:05 | Build | Farm |
| 23:10 | Build | Farm |
| 23:14 | Build | Farm |
| 23:17 | Build | Farm |
| 23:21 | Build | Farm |
| 23:25 | Build | Farm |
| 23:26 | Create | Villager (Male) |
| 23:27 | Create | Villager (Male) |
| 23:36 | Build | Farm |
| 23:40 | Build | Farm |
| 23:43 | Create | Villager (Male) |
| 23:44 | Create | Villager (Male) |
| 23:56 | Create | Villager (Male) |
| 23:57 | Create | Villager (Male) |
| 24:05 | Build | Barracks |
| 24:19 | Create | Villager (Male) |
| 24:20 | Create | Villager (Male) |
| 24:29 | Build | Farm |
| 24:34 | Build | Farm |
| 24:38 | Create | Villager (Male) |
| 24:39 | Create | Villager (Male) |
| 24:49 | Create | Villager (Male) |
| 24:50 | Create | Villager (Male) |
| 25:03 | Build | Farm |
| 25:03 | Build | Farm |
| 25:04 | Build | Farm |
| 25:05 | Build | Farm |
| 25:08 | Create | Villager (Male) |
| 25:09 | Create | Villager (Male) |
| 25:14 | Build | Farm |
| 25:16 | Build | Farm |
| 25:19 | Build | Farm |
| 25:22 | Build | Farm |
| 25:25 | Build | Farm |
| 25:36 | Build | Farm |
| 25:53 | Create | Villager (Male) |
| 25:53 | Create | Villager (Male) |
| 26:01 | Build | House |
| 26:04 | Build | House |
| 26:16 | Build | Farm |
| 26:19 | Build | Farm |
| 26:23 | Create | Villager (Male) |
| 26:23 | Create | Villager (Male) |
| 26:41 | Build | University |
| 26:46 | Create | Villager (Male) |
| 26:49 | Research | Imperial Age |
| 26:51 | Create | Villager (Male) |
Build order — acp961
First 150 of 408 actions detected
| 0:03 | Build | House |
| 0:06 | Build | House |
| 1:04 | Create | Villager (Male) |
| 1:04 | Create | Villager (Male) |
| 1:05 | Create | Villager (Male) |
| 1:05 | Create | Villager (Male) |
| 1:05 | Create | Villager (Male) |
| 1:48 | Create | Villager (Male) |
| 1:48 | Create | Villager (Male) |
| 2:39 | Create | Villager (Male) |
| 2:40 | Create | Villager (Male) |
| 2:42 | Create | Villager (Male) |
| 2:42 | Create | Villager (Male) |
| 2:50 | Build | Lumber Camp |
| 3:25 | Create | Villager (Male) |
| 3:25 | Create | Villager (Male) |
| 3:33 | Create | Villager (Male) |
| 3:33 | Create | Villager (Male) |
| 4:00 | Create | Villager (Male) |
| 4:00 | Create | Villager (Male) |
| 4:33 | Build | House |
| 4:34 | Build | House |
| 4:44 | Create | Villager (Male) |
| 4:45 | Create | Villager (Male) |
| 5:08 | Build | House |
| 5:12 | Build | House |
| 5:28 | Create | Villager (Male) |
| 5:29 | Create | Villager (Male) |
| 5:29 | Create | Villager (Male) |
| 5:29 | Create | Villager (Male) |
| 5:57 | Create | Villager (Male) |
| 5:57 | Create | Villager (Male) |
| 5:57 | Create | Villager (Male) |
| 6:23 | Create | Villager (Male) |
| 6:24 | Create | Villager (Male) |
| 6:24 | Create | Villager (Male) |
| 6:53 | Build | Mill |
| 7:06 | Create | Villager (Male) |
| 7:07 | Create | Villager (Male) |
| 7:07 | Create | Villager (Male) |
| 7:07 | Create | Villager (Male) |
| 7:34 | Create | Villager (Male) |
| 7:35 | Create | Villager (Male) |
| 7:35 | Create | Villager (Male) |
| 8:17 | Create | Villager (Male) |
| 8:40 | Build | Mining Camp |
| 10:12 | Research | Feudal Age |
| 10:12 | Create | Villager (Male) |
| 10:13 | Create | Villager (Male) |
| 10:24 | Build | Farm |
| 10:33 | Create | Villager (Male) |
| 10:43 | Build | House |
| 10:44 | Build | House |
| 11:25 | Build | Farm |
| 11:27 | Build | Farm |
| 12:24 | Age | Feudal Age |
| 12:32 | Build | Market |
| 12:34 | Build | Blacksmith |
| 13:54 | Research | Castle Age |
| 14:06 | Build | Mining Camp |
| 14:43 | Create | Villager (Male) |
| 14:43 | Create | Villager (Male) |
| 14:43 | Create | Villager (Male) |
| 15:23 | Create | Villager (Male) |
| 15:31 | Build | Farm |
| 15:54 | Build | Farm |
| 16:07 | Build | Farm |
| 16:12 | Build | Farm |
| 16:34 | Age | Castle Age |
| 16:37 | Build | Town Center |
| 16:48 | Build | Town Center |
| 18:08 | Create | Villager (Male) |
| 18:08 | Create | Villager (Male) |
| 18:09 | Create | Villager (Male) |
| 18:09 | Create | Villager (Male) |
| 18:09 | Create | Villager (Male) |
| 18:34 | Create | Villager (Male) |
| 18:34 | Create | Villager (Male) |
| 18:34 | Create | Villager (Male) |
| 18:35 | Create | Villager (Male) |
| 19:05 | Build | Farm |
| 19:08 | Build | Farm |
| 19:14 | Create | Villager (Male) |
| 19:14 | Create | Villager (Male) |
| 19:14 | Create | Villager (Male) |
| 19:47 | Create | Villager (Male) |
| 19:48 | Create | Villager (Male) |
| 19:53 | Build | Farm |
| 19:59 | Research | Horse Collar |
| 20:06 | Build | Farm |
| 20:07 | Build | Farm |
| 20:11 | Build | Farm |
| 20:12 | Build | Farm |
| 20:21 | Create | Villager (Male) |
| 20:22 | Create | Villager (Male) |
| 20:54 | Build | Farm |
| 21:04 | Create | Villager (Male) |
| 21:04 | Create | Villager (Male) |
| 21:04 | Create | Villager (Male) |
| 21:05 | Create | Villager (Male) |
| 21:25 | Build | Castle |
| 21:31 | Build | Mining Camp |
| 21:35 | Create | Villager (Male) |
| 21:35 | Create | Villager (Male) |
| 21:35 | Create | Villager (Male) |
| 21:36 | Create | Villager (Male) |
| 21:45 | Build | House |
| 21:46 | Build | House |
| 21:48 | Build | House |
| 21:49 | Build | House |
| 21:53 | Build | House |
| 21:55 | Build | House |
| 21:58 | Create | Villager (Male) |
| 21:58 | Create | Villager (Male) |
| 21:59 | Create | Villager (Male) |
| 22:02 | Build | Farm |
| 22:02 | Build | Farm |
| 22:03 | Build | Farm |
| 22:03 | Build | Farm |
| 22:08 | Build | Farm |
| 22:09 | Build | Farm |
| 22:09 | Build | Farm |
| 22:10 | Build | Farm |
| 22:13 | Build | Farm |
| 22:14 | Build | Farm |
| 22:16 | Build | Farm |
| 22:16 | Build | Farm |
| 22:38 | Create | Villager (Male) |
| 22:38 | Create | Villager (Male) |
| 22:38 | Create | Villager (Male) |
| 22:38 | Create | Villager (Male) |
| 22:39 | Create | Villager (Male) |
| 23:08 | Create | Villager (Male) |
| 23:08 | Create | Villager (Male) |
| 23:09 | Create | Villager (Male) |
| 23:09 | Create | Villager (Male) |
| 23:09 | Create | Villager (Male) |
| 23:09 | Create | Villager (Male) |
| 23:17 | Build | Farm |
| 23:17 | Build | Farm |
| 23:40 | Build | University |
| 23:54 | Build | House |
| 23:55 | Build | House |
| 23:57 | Build | House |
| 23:58 | Build | House |
| 24:00 | Build | House |
| 24:01 | Build | House |
| 24:03 | Build | House |
| 24:04 | Build | House |
| 24:10 | Research | Gold Mining |
Build order — ApexDominion211
First 150 of 485 actions detected
| 0:06 | Create | Villager (Male) |
| 0:06 | Create | Villager (Male) |
| 0:06 | Create | Villager (Male) |
| 0:06 | Create | Villager (Male) |
| 0:11 | Build | House |
| 0:12 | Build | House |
| 1:08 | Build | Lumber Camp |
| 1:35 | Create | Villager (Male) |
| 1:35 | Create | Villager (Male) |
| 1:35 | Create | Villager (Male) |
| 2:15 | Research | Loom |
| 2:26 | Create | Villager (Male) |
| 2:26 | Create | Villager (Male) |
| 2:47 | Create | Villager (Male) |
| 2:47 | Create | Villager (Male) |
| 3:21 | Create | Villager (Male) |
| 3:22 | Create | Villager (Male) |
| 3:22 | Create | Villager (Male) |
| 3:35 | Create | Villager (Male) |
| 3:35 | Create | Villager (Male) |
| 3:35 | Create | Villager (Male) |
| 3:47 | Build | House |
| 3:48 | Build | House |
| 4:02 | Create | Villager (Male) |
| 4:02 | Create | Villager (Male) |
| 4:44 | Create | Villager (Male) |
| 4:44 | Create | Villager (Male) |
| 5:12 | Create | Villager (Male) |
| 5:12 | Create | Villager (Male) |
| 5:32 | Create | Villager (Male) |
| 5:32 | Create | Villager (Male) |
| 5:53 | Create | Villager (Male) |
| 5:53 | Create | Villager (Male) |
| 6:35 | Build | Mill |
| 6:46 | Create | Villager (Male) |
| 7:04 | Create | Villager (Male) |
| 7:16 | Create | Villager (Male) |
| 8:03 | Create | Villager (Male) |
| 8:13 | Build | House |
| 8:14 | Build | House |
| 8:16 | Build | House |
| 8:29 | Create | Villager (Male) |
| 8:45 | Build | House |
| 8:46 | Build | House |
| 8:47 | Build | House |
| 8:59 | Research | Feudal Age |
| 9:41 | Build | Mill |
| 10:29 | Build | Lumber Camp |
| 10:36 | Build | Mining Camp |
| 10:40 | Create | Villager (Male) |
| 10:41 | Create | Villager (Male) |
| 11:15 | Research | Double-Bit Axe |
| 11:23 | Build | Farm |
| 11:24 | Build | Farm |
| 11:25 | Build | Farm |
| 11:40 | Build | Blacksmith |
| 11:42 | Create | Villager (Male) |
| 11:51 | Create | Villager (Male) |
| 11:52 | Create | Villager (Male) |
| 12:12 | Build | Market |
| 12:27 | Build | Farm |
| 12:48 | Create | Villager (Male) |
| 12:52 | Build | Farm |
| 13:02 | Build | Farm |
| 13:18 | Create | Villager (Male) |
| 13:41 | Create | Villager (Male) |
| 13:49 | Build | Farm |
| 13:51 | Build | Farm |
| 14:07 | Build | Farm |
| 14:32 | Build | Farm |
| 14:42 | Create | Villager (Male) |
| 14:49 | Build | Farm |
| 15:09 | Build | Farm |
| 15:16 | Build | Farm |
| 15:33 | Build | Farm |
| 15:44 | Build | Farm |
| 15:47 | Research | Castle Age |
| 15:47 | Research | Castle Age |
| 16:00 | Build | Mining Camp |
| 16:40 | Research | Wheelbarrow |
| 16:57 | Build | Farm |
| 18:30 | Build | Town Center |
| 18:43 | Build | Town Center |
| 18:52 | Create | Villager (Male) |
| 18:53 | Create | Villager (Male) |
| 19:03 | Research | Bow Saw |
| 19:51 | Create | Villager (Male) |
| 19:51 | Create | Villager (Male) |
| 19:51 | Create | Villager (Male) |
| 20:23 | Create | Villager (Male) |
| 20:27 | Create | Villager (Male) |
| 20:27 | Create | Villager (Male) |
| 20:33 | Create | Villager (Male) |
| 20:33 | Create | Villager (Male) |
| 20:33 | Create | Villager (Male) |
| 20:34 | Create | Villager (Male) |
| 20:38 | Create | Villager (Male) |
| 20:48 | Build | House |
| 20:49 | Build | House |
| 20:51 | Build | House |
| 20:52 | Build | House |
| 20:55 | Build | House |
| 20:58 | Build | House |
| 21:02 | Build | House |
| 21:08 | Create | Villager (Male) |
| 21:12 | Create | Villager (Male) |
| 21:13 | Create | Villager (Male) |
| 21:23 | Build | Farm |
| 21:25 | Build | Farm |
| 21:27 | Build | Farm |
| 21:49 | Build | Castle |
| 21:53 | Build | Mining Camp |
| 22:06 | Research | Hand Cart |
| 22:10 | Create | Villager (Male) |
| 22:10 | Create | Villager (Male) |
| 22:11 | Create | Villager (Male) |
| 22:11 | Create | Villager (Male) |
| 22:25 | Build | Farm |
| 22:26 | Build | Farm |
| 22:28 | Build | Farm |
| 22:29 | Build | Farm |
| 22:31 | Build | Farm |
| 22:47 | Create | Villager (Male) |
| 22:47 | Create | Villager (Male) |
| 22:52 | Create | Villager (Male) |
| 22:52 | Create | Villager (Male) |
| 23:11 | Build | Farm |
| 23:12 | Build | Farm |
| 23:13 | Build | Farm |
| 23:23 | Create | Villager (Male) |
| 23:23 | Create | Villager (Male) |
| 23:28 | Create | Villager (Male) |
| 23:28 | Create | Villager (Male) |
| 23:33 | Create | Villager (Male) |
| 23:36 | Create | Villager (Male) |
| 23:49 | Create | Villager (Male) |
| 23:59 | Build | Mill |
| 24:02 | Build | Farm |
| 24:03 | Build | Farm |
| 24:07 | Build | Farm |
| 24:08 | Build | Farm |
| 24:09 | Build | Farm |
| 24:10 | Build | Farm |
| 24:12 | Build | Farm |
| 24:17 | Create | Villager (Male) |
| 24:20 | Create | Villager (Male) |
| 24:20 | Create | Villager (Male) |
| 24:39 | Create | Villager (Male) |
| 24:44 | Create | Villager (Male) |
| 24:44 | Create | Villager (Male) |
Build order — Leonidas926525
First 150 of 327 actions detected
| 0:01 | Create | Villager (Male) |
| 0:02 | Create | Villager (Male) |
| 0:02 | Create | Villager (Male) |
| 0:02 | Create | Villager (Male) |
| 0:04 | Build | House |
| 0:06 | Build | House |
| 1:27 | Create | Villager (Male) |
| 1:51 | Build | Lumber Camp |
| 2:01 | Create | Villager (Male) |
| 2:29 | Create | Villager (Male) |
| 2:54 | Create | Villager (Male) |
| 3:09 | Create | Villager (Male) |
| 3:30 | Build | House |
| 3:46 | Create | Villager (Male) |
| 4:06 | Build | Mill |
| 4:08 | Create | Villager (Male) |
| 4:36 | Create | Villager (Male) |
| 4:57 | Create | Villager (Male) |
| 5:26 | Create | Villager (Male) |
| 6:03 | Build | Mill |
| 6:05 | Build | House |
| 6:07 | Create | Villager (Male) |
| 6:30 | Create | Villager (Male) |
| 6:56 | Build | Farm |
| 7:00 | Build | Farm |
| 7:01 | Create | Villager (Male) |
| 7:23 | Build | Farm |
| 7:28 | Create | Villager (Male) |
| 7:58 | Create | Villager (Male) |
| 8:21 | Research | Feudal Age |
| 8:28 | Build | Mining Camp |
| 10:18 | Create | Villager (Male) |
| 10:43 | Build | Blacksmith |
| 10:47 | Create | Villager (Male) |
| 10:51 | Build | Market |
| 10:56 | Create | Villager (Male) |
| 11:07 | Build | House |
| 12:00 | Research | Castle Age |
| 12:41 | Build | Barracks |
| 13:35 | Create | Spearman |
| 13:39 | Build | House |
| 14:13 | Create | Spearman |
| 14:19 | Build | House |
| 14:35 | Create | Spearman |
| 14:39 | Create | Spearman |
| 14:50 | Build | Town Center |
| 14:57 | Research | Loom |
| 15:07 | Build | Monastery |
| 15:28 | Create | Villager (Male) |
| 15:40 | Create | Villager (Male) |
| 15:52 | Build | House |
| 16:04 | Create | Monk |
| 16:09 | Create | Spearman |
| 16:21 | Build | Barracks |
| 16:23 | Research | Pikeman (upgrade) |
| 16:26 | Create | Villager (Male) |
| 16:37 | Build | Farm |
| 16:37 | Build | Farm |
| 16:37 | Build | Farm |
| 16:38 | Build | Farm |
| 16:56 | Create | Villager (Male) |
| 16:59 | Build | Farm |
| 16:59 | Build | Farm |
| 17:06 | Build | Farm |
| 17:37 | Create | Villager (Male) |
| 17:44 | Create | Villager (Male) |
| 18:17 | Create | Villager (Male) |
| 18:19 | Build | Farm |
| 18:19 | Build | Farm |
| 18:21 | Build | Farm |
| 18:21 | Build | Farm |
| 18:36 | Create | Villager (Male) |
| 18:51 | Create | Villager (Male) |
| 18:58 | Build | Farm |
| 18:58 | Build | Farm |
| 18:59 | Build | Farm |
| 19:01 | Create | Villager (Male) |
| 19:10 | Build | House |
| 19:33 | Build | Lumber Camp |
| 19:41 | Create | Villager (Male) |
| 19:42 | Create | Villager (Male) |
| 19:43 | Create | Villager (Male) |
| 20:04 | Build | House |
| 20:07 | Create | Monk |
| 20:11 | Create | Villager (Male) |
| 20:29 | Create | Villager (Male) |
| 20:42 | Build | House |
| 20:45 | Create | Villager (Male) |
| 20:49 | Build | Town Center |
| 21:16 | Create | Villager (Male) |
| 21:17 | Create | Villager (Male) |
| 21:23 | Build | House |
| 21:40 | Create | Villager (Male) |
| 21:43 | Research | Double-Bit Axe |
| 21:44 | Research | Horse Collar |
| 21:56 | Build | House |
| 22:07 | Create | Villager (Male) |
| 22:08 | Create | Villager (Male) |
| 22:28 | Create | Villager (Male) |
| 22:30 | Create | Villager (Male) |
| 22:33 | Build | Farm |
| 22:33 | Build | Farm |
| 22:33 | Build | Farm |
| 22:36 | Create | Villager (Male) |
| 22:41 | Build | House |
| 22:42 | Build | House |
| 22:48 | Create | Villager (Male) |
| 23:05 | Create | Villager (Male) |
| 23:09 | Build | Farm |
| 23:09 | Build | Farm |
| 23:09 | Build | Farm |
| 23:13 | Create | Villager (Male) |
| 23:41 | Build | Castle |
| 23:45 | Create | Villager (Male) |
| 23:45 | Create | Villager (Male) |
| 23:46 | Create | Villager (Male) |
| 23:57 | Create | Villager (Male) |
| 24:11 | Research | Fervor |
| 24:18 | Build | House |
| 24:19 | Build | House |
| 24:22 | Create | Villager (Male) |
| 24:23 | Create | Villager (Male) |
| 24:38 | Create | Villager (Male) |
| 24:45 | Create | Villager (Male) |
| 25:02 | Build | Farm |
| 25:02 | Build | Farm |
| 25:02 | Build | Farm |
| 25:07 | Create | Hussite Wagon |
| 25:31 | Build | Farm |
| 25:33 | Research | Heavy Plow |
| 25:35 | Create | Villager (Male) |
| 25:45 | Build | Farm |
| 25:45 | Build | Farm |
| 25:45 | Build | Farm |
| 26:11 | Research | Wheelbarrow |
| 26:13 | Create | Villager (Male) |
| 26:18 | Build | Farm |
| 26:18 | Build | Farm |
| 26:21 | Create | Villager (Male) |
| 26:32 | Create | Villager (Male) |
| 26:55 | Create | Villager (Male) |
| 27:09 | Build | Farm |
| 27:10 | Build | Farm |
| 27:10 | Build | Farm |
| 27:17 | Build | Farm |
| 27:17 | Build | Farm |
| 27:17 | Build | Farm |
| 27:29 | Create | Villager (Male) |
| 27:32 | Create | Villager (Male) |
| 27:33 | Build | Farm |
Match timeline
| 10:08 | ExDictador Nicolas Maduro · age_up feudal |
| 10:30 | Xavi-10- · age_up feudal |
| 11:02 | Harold Baron · age_up feudal |
| 11:30 | SongForBob · age_up feudal |
| 11:35 | SongForBob · first_building Barracks |
| 12:24 | acp961 · age_up feudal |
| 12:41 | Leonidas926525 · first_building Barracks |
| 14:02 | Harold Baron · first_market_buy 100 food |
| 14:24 | Xavi-10- · age_up castle |
| 14:36 | Xavi-10- · first_building Monastery |
| 15:07 | Leonidas926525 · first_building Monastery |
| 15:12 | ExDictador Nicolas Maduro · age_up castle |
| 15:19 | SongForBob · wall_segment Stone Wall x17 |
| 15:46 | SongForBob · first_building Archery Range |
| 16:34 | acp961 · age_up castle |
| 16:54 | SongForBob · age_up castle |
| 17:02 | rubeolay · first_building Barracks |
| 17:03 | Harold Baron · age_up castle |
| 18:59 | ApexDominion211 · first_market_buy 100 wood |
| 19:34 | SongForBob · first_building Castle |
| 19:58 | Harold Baron · first_building Siege Workshop |
| 20:24 | SongForBob · first_market_buy 100 wood |
| 20:25 | Harold Baron · first_building Castle |
| 20:36 | ExDictador Nicolas Maduro · first_building Monastery |
| 21:15 | ExDictador Nicolas Maduro · first_building Barracks |
| 21:25 | acp961 · first_building Castle |
| 21:36 | ExDictador Nicolas Maduro · first_market_buy 100 stone |
| 21:49 | ApexDominion211 · first_building Castle |
| 21:55 | rubeolay · first_building Stable |
| 22:00 | rubeolay · first_building Archery Range |
| 22:17 | ExDictador Nicolas Maduro · first_building Stable |
| 22:44 | Xavi-10- · first_building Barracks |
| 23:41 | Leonidas926525 · first_building Castle |
| 23:51 | Xavi-10- · first_building Archery Range |
| 24:05 | Harold Baron · first_building Barracks |
| 25:38 | Xavi-10- · first_building Siege Workshop |
| 26:59 | ExDictador Nicolas Maduro · first_building Castle |
| 27:31 | acp961 · first_building Barracks |
| 27:39 | Xavi-10- · age_up imperial |
| 27:47 | Xavi-10- · wall_segment Palisade Wall x1 |
| 27:58 | ApexDominion211 · first_building Barracks |
| 28:08 | Harold Baron · first_building Stable |
| 28:14 | Harold Baron · first_building Archery Range |
| 29:28 | ApexDominion211 · first_building Stable |
| 29:31 | rubeolay · first_building Siege Workshop |
| 29:45 | Leonidas926525 · first_building Siege Workshop |
| 30:11 | Leonidas926525 · first_building Archery Range |
| 30:16 | ExDictador Nicolas Maduro · first_building Archery Range |
| 30:22 | Harold Baron · age_up imperial |
| 30:56 | SongForBob · age_up imperial |
| 31:16 | ExDictador Nicolas Maduro · age_up imperial |
| 32:35 | Xavi-10- · first_building Castle |
| 32:58 | SongForBob · first_building Stable |
| 33:30 | Leonidas926525 · first_market_sell 100 food |
| 34:42 | ExDictador Nicolas Maduro · tribute_sent a jugador 1 |
| 34:42 | ExDictador Nicolas Maduro · tribute_sent a jugador 3 |
| 34:42 | ExDictador Nicolas Maduro · tribute_sent a jugador 4 |
| 34:42 | ExDictador Nicolas Maduro · tribute_sent a jugador 5 |
| 34:42 | ExDictador Nicolas Maduro · tribute_sent a jugador 6 |
| 34:42 | ExDictador Nicolas Maduro · tribute_sent a jugador 7 |
| 34:42 | ExDictador Nicolas Maduro · tribute_sent a jugador 8 |
| 34:52 | rubeolay · first_market_sell 500 wood |
| 35:00 | rubeolay · first_market_buy 100 food |
| 35:15 | ExDictador Nicolas Maduro · tribute_sent a jugador 1 |
| 35:15 | ExDictador Nicolas Maduro · tribute_sent a jugador 3 |
| 35:15 | ExDictador Nicolas Maduro · tribute_sent a jugador 4 |
| 35:15 | ExDictador Nicolas Maduro · tribute_sent a jugador 5 |
| 35:15 | ExDictador Nicolas Maduro · tribute_sent a jugador 6 |
| 35:15 | ExDictador Nicolas Maduro · tribute_sent a jugador 7 |
| 35:15 | ExDictador Nicolas Maduro · tribute_sent a jugador 8 |
| 35:34 | ApexDominion211 · first_building Siege Workshop |
| 39:46 | rubeolay · first_building Castle |
| 41:05 | acp961 · age_up imperial |
| 42:05 | Xavi-10- · first_building Stable |
| 42:09 | SongForBob · first_market_sell 100 wood |
| 43:46 | SongForBob · first_building Monastery |
| 44:07 | SongForBob · first_building Siege Workshop |
| 45:10 | Xavi-10- · resign |
| 48:22 | Harold Baron · first_building Monastery |
| 50:16 | Harold Baron · first_market_sell 500 wood |
[ AI ANALYSIS · 1 CREDIT ]
What really happened in this match?
Wolo.gg analyzes every decision: build order, eco, micro, common mistakes by bracket. Personalized analysis on WhatsApp or Discord in 30 seconds.
Civ guide
Khitans
Perfil
Jugador #23201212